 Dungeon Crawl Stone Soup version 0.20-a0-823-gdec668e (webtiles) character file.

7094 kidcy the Basher (level 10, -15/82 HPs)
             Began as a Demonspawn Monk on Mar 6, 2017.
             Was a High Priest of Okawaru.
             Demolished by Gastronok (23 damage)
             ... on level 9 of the Dungeon.
             The game lasted 00:14:50 (10149 turns).

kidcy the Basher (Demonspawn Monk)                 Turns: 10149, Time: 00:14:51

Health: -15/82     AC: 14    Str: 15    XL:     10   Next: 84%
Magic:  10/10      EV: 16    Int: 12    God:    Okawaru [*****.]
Gold:   261        SH:  2    Dex: 20    Spells: 9/9 levels left

rFire    + . .     SeeInvis .   l - +1 flail
rCold    . . .     Gourm    .   e - +1 scale mail {rPois}
rNeg     . . .     Faith    .   (no shield)
rPois    +         Spirit   .   (no helmet)
rElec    .         Reflect  +   (no cloak)
rCorr    .         Harm     .   (no gloves)
MR       +....                  (boots unavailable)
Stlth    ++........             t - +2 amulet of reflection
Regen    0.3/turn               h - ring of protection from magic
MPRegen  0.2/turn               a - +1 ring of protection

@: agile, very slightly contaminated, hasted and slowed
A: talons 3, molten scales 3, powered by death 1, powered by pain 1
a: Heroism, Finesse, Renounce Religion


You were on level 9 of the Dungeon.
You worshipped Okawaru.
Okawaru was extremely pleased with you.
You were very hungry.

You visited 1 branch of the dungeon, and saw 10 of its levels.

You collected 703 gold pieces.
You spent 442 gold pieces at shops.

Inventory:

Hand Weapons
 l - a +1 flail (weapon)
Armour
 e - a +1 scale mail of poison resistance (worn)
Jewellery
 a - a +1 ring of protection (left hand)
 h - a ring of protection from magic (right hand)
 t - a +2 amulet of reflection (around neck)
 D - an uncursed ring of resist corrosion
Wands
 q - a wand of clouds (5/9)
 B - a wand of paralysis (5/24)
Scrolls
 i - a scroll of enchant weapon
 n - a scroll of enchant armour
 p - a scroll of immolation {unknown}
 u - a scroll of magic mapping
 y - 5 scrolls of remove curse
 C - a scroll of amnesia
 E - a scroll of recharging {unknown}
 F - a scroll of brand weapon
Potions
 b - 2 potions of degeneration
 d - a potion of flight
 k - a potion of haste
 m - a potion of magic
 r - 3 potions of ambrosia
 s - 2 potions of curing
 v - 2 potions of lignification
 x - a potion of mutation
 z - a potion of resistance
 A - 2 potions of invisibility
Books
 H - a book of Maledictions

   Spells                             Type                      Level
   a - Corona                         Hexes                        1
   b - Ensorcelled Hibernation        Hexes/Ice                    2
   c - Confuse                        Hexes                        3
   d - Tukima's Dance                 Hexes                        3
   e - Dazzling Spray                 Conjuration/Hexes            3
Comestibles
 c - a bread ration
 f - 8 royal jellies
 g - 2 meat rations
 w - 4 fruits


   Skills:
 + Level 8.9 Fighting
 * Level 11.2 Maces & Flails
 + Level 7.5 Armour
 - Level 2.6 Dodging
 - Level 1.7 Stealth


You had 9 spell levels left.
You didn't know any spells.

Dungeon Overview and Level Annotations

Branches:
Dungeon (10/15)            Temple (0/1) D:6
   Lair: D:8-11         Orc: D:9-12

Altars:
Dithmenos
Makhleb
Nemelex Xobeh
Okawaru
Ru
Uskayaw
Wu Jian
Xom
Yredelemnul
The Shining One

Shops:
D:8 ?

Annotations:
D:9 Gastronok
D:10 Psyche, Snorg


Innate Abilities, Weirdness & Mutations

You have claws for feet.
You are completely covered in molten scales. (AC +4, rF+)
You regenerate a little health from kills.
You sometimes gain a little power by taking damage.


Message History

You thump Gastronok!
Gastronok is moderately wounded.
You sock Gastronok!
Gastronok is moderately wounded.
Gastronok closely misses you.
You hit Gastronok.
Gastronok is heavily wounded.
Gastronok bites you!!
* * * LOW HITPOINT WARNING * * *
You sock Gastronok! You claw Gastronok, but do no damage.
Gastronok is heavily wounded.
Okay, then.
You feel yourself speed up. Gastronok bites you but does no damage.
You are very lightly contaminated with residual magic.
You hit Gastronok but do no damage. You claw Gastronok.
Gastronok is heavily wounded.
You hit Gastronok. You claw Gastronok.
Gastronok is heavily wounded.
Gastronok bites you!!
You die...

##......###.#.####+####
#####'## ##.## .# #. ###
#.# ##. #.# .. #.# .#
#.# ##'#### #.# ......#
####.###.+
......#########.@w.....#
...(..+.........##.#####
......############.#
#+##### #.# #[.# #.#
##.## #.# #..# #.# ##.#
#.# ###w#### ####.####


You could see Gastronok.

Vanquished Creatures
  A hydra (D:9)
  3 two-headed ogres
  Joseph (D:9)
  A merfolk (shapeshifter) (D:9)
  Prince Ribbit (D:7)
  2 hippogriffs
  A hungry ghost (D:7)
  The ghost of kidcy the Chopper, an amateur DsMo of Ru (D:3)
  A water moccasin (D:8)
  2 orc warriors (D:9)
  2 ice beasts
  4 ogres (D:5)
  A sky beast (D:5)
  3 phantoms
  3 centaurs
  A big kobold (D:7)
  4 bullfrogs
  3 scorpions
  5 killer bees (D:8)
  A bullfrog zombie (D:5)
  4 crimson imps
  2 hounds
  2 jellies (D:5)
  6 orc priests
  7 orc wizards
  A bullfrog skeleton (D:8)
  An iguana (D:9)
  2 worker ants
  A hound zombie (D:7)
  5 adders
  2 gnolls (D:9)
  2 howler monkey skeletons
  5 shadow imps
  3 oozes
  An adder zombie (D:7)
  2 adder skeletons
  5 worms
  4 dart slugs
  4 leopard geckos
  25 orcs
  2 ball pythons
  3 giant cockroaches
  5 goblins
  9 hobgoblins
  3 quokkas
  4 bats
  8 frilled lizards
  A jackal skeleton (D:5)
  9 kobolds
  A leopard gecko skeleton (D:7)
  14 rats
184 creatures vanquished.

Notes
Turn   | Place    | Note
-------+----------+-------------------------------------------
     0 | D:1      | kidcy the Demonspawn Monk began the quest for the Orb.
     0 | D:1      | Reached XP level 1. HP: 18/18 MP: 1/1
   230 | D:1      | Reached skill level 3 in Maces & Flails
   234 | D:1      | Gained mutation: You have sharp toenails. [demonic ancestry]
   234 | D:1      | Reached XP level 2. HP: 24/24 MP: 2/2
   373 | D:1      | Reached skill level 1 in Armour
   461 | D:1      | Gained mutation: You are partially covered in molten scales. (AC +2) [demonic ancestry]
   461 | D:1      | Reached XP level 3. HP: 28/29 MP: 3/3
   961 | D:2      | Found an iron altar of Okawaru.
   977 | D:2      | Became a worshipper of Warmaster Okawaru
   977 | D:2      | Reached * piety under Okawaru
   977 | D:2      | Reached ** piety under Okawaru
  1405 | D:2      | Gained mutation: You are mostly covered in molten scales. (AC +3) [demonic ancestry]
  1405 | D:2      | Reached XP level 4. HP: 36/36 MP: 4/4
  2361 | D:3      | Reached skill level 4 in Maces & Flails
  2481 | D:3      | Noticed kidcy's ghost (amateur DsMo)
  2526 | D:3      | Killed kidcy's ghost
  2526 | D:3      | Gained mutation: You regenerate a little health from kills. [demonic ancestry]
  2526 | D:3      | Reached XP level 5. HP: 10/42 MP: 5/5
  2912 | D:3      | Reached XP level 6. HP: 12/49 MP: 6/6
  2921 | D:3      | Reached *** piety under Okawaru
  2921 | D:3      | Reached skill level 5 in Maces & Flails
  3705 | D:4      | Found a sparkling altar of Nemelex Xobeh.
  4449 | D:5      | Entered Level 5 of the Dungeon
  4474 | D:5      | Noticed a sky beast
  4511 | D:5      | Killed a sky beast
  4526 | D:5      | Gained mutation: You have razor-sharp toenails. [demonic ancestry]
  4526 | D:5      | Reached XP level 7. HP: 32/55 MP: 7/7
  4880 | D:5      | Reached skill level 5 in Fighting
  4992 | D:5      | Reached skill level 6 in Maces & Flails
  5225 | D:5      | Reached **** piety under Okawaru
  5427 | D:5      | Gained mutation: You are completely covered in molten scales. (AC +4, rF+) [demonic ancestry]
  5427 | D:5      | Reached XP level 8. HP: 51/63 MP: 8/8
  5485 | D:5      | Found a sacrificial altar of Ru.
  5507 | D:5      | Reached skill level 7 in Maces & Flails
  6442 | D:6      | Found a staircase to the Ecumenical Temple.
  7133 | D:7      | Reached skill level 8 in Maces & Flails
  7246 | D:7      | Found a shadowy altar of Dithmenos.
  7278 | D:7      | Noticed Prince Ribbit
  7310 | D:7      | Reached skill level 5 in Armour
  7310 | D:7      | Gained mutation: You sometimes gain a little power by taking damage. [demonic ancestry]
  7310 | D:7      | Reached XP level 9. HP: 56/71 MP: 9/9
  7329 | D:7      | Killed Prince Ribbit
  7368 | D:7      | Reached ***** piety under Okawaru
  8033 | D:8      | Found Sacetta's Magic Scroll Boutique.
  8041 | D:8      | Bought a scroll of brand weapon for 300 gold pieces
  8041 | D:8      | Bought a scroll of fear for 52 gold pieces
  8041 | D:8      | Bought 3 scrolls of identify for 90 gold pieces
  8054 | D:8      | Noticed a two-headed ogre
  8088 | D:8      | Killed a two-headed ogre
  8088 | D:8      | Reached skill level 9 in Maces & Flails
  8347 | D:8      | Noticed a two-headed ogre
  8357 | D:8      | Killed a two-headed ogre
  8357 | D:8      | Gained mutation: You have claws for feet. [demonic ancestry]
  8357 | D:8      | Reached XP level 10. HP: 68/80 MP: 10/10
  8362 | D:8      | Reached skill level 10 in Maces & Flails
  8593 | D:8      | Received a gift from Okawaru
  8628 | D:8      | Found a burning altar of Makhleb.
  8629 | D:8      | Found a hide-covered altar of Uskayaw.
  8630 | D:8      | Found a shimmering altar of Xom.
  8630 | D:8      | Found a basalt altar of Yredelemnul.
  8630 | D:8      | Found a glowing golden altar of the Shining One.
  8633 | D:8      | Found an ornate altar of the Wu Jian Council.
  8635 | D:8      | Found a sparkling altar of Nemelex Xobeh.
  8683 | D:9      | Noticed an eight-headed hydra
  8785 | D:9      | Killed an eight-headed hydra
  8791 | D:9      | Noticed a salamander
  8791 | D:9      | a basilisk changed into a salamander
  8798 | D:9      | a salamander changed into a komodo dragon
  8829 | D:9      | Noticed a death drake
  8829 | D:9      | a komodo dragon changed into a death drake
  8831 | D:9      | a death drake changed into a merfolk
  9282 | D:9      | Noticed Joseph
  9301 | D:9      | Killed Joseph
  9545 | D:9      | Noticed Gastronok
  9545 | D:9      | Noticed a two-headed ogre
  9561 | D:10     | Entered Level 10 of the Dungeon
  9596 | D:10     | Noticed Psyche
  9599 | D:10     | Noticed Snorg
  9614 | D:9      | HP: 2/82 [two-headed ogre/giant club (30)]
  9618 | D:9      | Killed a two-headed ogre
  9618 | D:9      | Reached skill level 11 in Maces & Flails
 10149 | D:9      | Demolished by Gastronok

Vault maps used:
D:1:      co_arrival_hall_of_pillars
D:2:      lemuel_crystal_altar, kennysheep_potato
D:3:      cheibrodos_helix_gallery, first_bread, dk_noncrumbling_4
D:4:      grunt_nemelex_the_gamble
D:5:      nicolae_ru_great_annihilating_truth
D:6:      temple_statues
D:7:      grunt_dithmenos_shadows, uniq_prince_ribbit1
D:8:      minitemple, serial_shops, shop_scrolls
D:9:      kennysheep_small_spiral, hangedman_pestilent_swarm,
          minmay_diamond_spiral, uniq_gastronok, uniq_joseph
D:10:     uniq_snorg, uniq_psyche

Skill      XL: |  1  2  3  4  5  6  7  8  9 10 |
---------------+-------------------------------+-----
Maces & Flails | 3 4 5 6 8 9 11 | 11.2
Armour         | 1 2 3 5 6 7 |  7.5
Fighting       | 4 5 6 8 |  8.9
Dodging        | |  2.6
Stealth        | |  1.7

Action                   |  1- 3 |  4- 6 |  7- 9 | 10-12 || total
-------------------------+-------+-------+-------+-------++-------
Melee: Mace              |   113 |    18 |       |       ||   131
       Kick              |    23 |    58 |   122 |    64 ||   267
       Flail             |       |   213 |   448 |   182 ||   843
       Punch             |       |       |     1 |       ||     1
Invok: Heroism           |     1 |       |     5 |     3 ||     9
Evoke: Wand              |       |       |     4 |     7 ||    11
  Use: Scroll            |       |       |    24 |     4 ||    28
       Potion            |       |       |     3 |     5 ||     8
 Stab: Paralysed         |       |       |     8 |    11 ||    19
  Eat: Chunk             |     1 |     5 |     8 |     5 ||    19
       Bread ration      |       |     1 |     3 |       ||     4
Armor: Scale mail        |    35 |       |   144 |    83 ||   262
       Robe              |     1 |       |       |       ||     1
       Plate armour      |    28 |       |       |       ||    28
       Chain mail        |    20 |   156 |   121 |       ||   297
Dodge: Dodged            |    51 |    60 |   195 |    94 ||   400
Block: Other             |       |     5 |    25 |    12 ||    42
       Reflection        |       |       |     1 |     1 ||     2
